 Seeded DCSS version 0.30-a0-862-g1aabd4f9c5 (webtiles) character file.

Game seed: 13605347439462872262 (custom seed)

315 Sanktem7 the Trooper (level 6, 0/57 HPs)
             Began as a Minotaur Fighter on Mar 9, 2023.
             Slain by an ogre
             ... wielding a +0 giant spiked club
              (21 damage)
             ... on level 4 of the Dungeon.
             The game lasted 00:03:31 (2966 turns).

Sanktem7 the Trooper (Minotaur Fighter)             Turns: 2966, Time: 00:03:32

Health: 0/57       AC:  9    Str: 22    XL:     6   Next: 19%
Magic:  5/5        EV:  7    Int:  5    God:
Gold:   122        SH:  4    Dex: 10    Spells: 5/5 levels left

rFire   . . .      SeeInvis +    a - +0 flail
rCold   . . .      Faith    .    c - +0 buckler
rNeg    . . .      Spirit   .    f - +0 chain mail
rPois   .          Reflect  .    (helmet restricted)
rElec   .          Rampage  .    (no cloak)
rCorr   .                        (no gloves)
Will    .....                    (no boots) Stlth
                                 (no amulet)
HPRegen 0.29/turn                q - ring of see invisible
MPRegen 0.09/turn                (no ring)

@: no status effects
A: horns 2, retaliatory headbutt
a: no special abilities


You were on level 4 of the Dungeon.
You visited 1 branch of the dungeon, and saw 4 of its levels.

You collected 122 gold pieces.

Inventory:

Hand Weapons
 a - a +0 flail (weapon)
Armour
 c - a +0 buckler (worn)
 f - a +0 chain mail (worn)
Jewellery
 q - a ring of see invisible (left hand)
Wands
 p - a wand of roots (1)
Scrolls
 e - a scroll of enchant weapon {unknown}
 i - a scroll of acquirement {unknown}
 j - a scroll of blinking {unknown}
 l - a scroll of summoning {unknown}
 m - a scroll of noise {unknown}
 n - 2 scrolls of fog {unknown}
 s - a scroll of brand weapon {unknown}
Potions
 b - 2 potions of heal wounds {unknown}
 d - a potion of might
 g - a potion of berserk rage {unknown}
 h - a potion of cancellation {unknown}
 k - a potion of lignification {unknown}
 o - a potion of flight {unknown}
 r - a potion of mutation {unknown}


   Skills:
 * Level 5.8 Fighting
 * Level 5.1 Maces & Flails
 + Level 5.1 Armour
 - Level 4.0 Shields


You had 5 spell levels left.
You didn't know any spells.
Your spell library contained the following spells:

 Spells                   Type           Power      Damage    Failure   Level
 Magic Dart               Conj           0%         1d3       99%         1
 Call Imp                 Summ           0%         N/A       100%        2
 Ensorcelled Hibernation  Hex/Ice        0%         N/A       100%        2
 Scorch                   Fire           0%         2d5       100%        2
 Mephitic Cloud           Conj/Pois/Air  0%         N/A       100%        3
 Spider Form              Tmut/Pois      0%         N/A       100%        3
 Anguish                  Hex/Necr       0%         N/A       100%        4
 Flame Wave               Conj/Fire      0%         2d4       100%        4
 Summon Cactus Giant      Summ           0%         N/A       100%        6


Dungeon Overview and Level Annotations

Branches:
Dungeon (4/15)
 Temple: D:4-7

Altars:
Dithmenos

Shops:
D:1 (   D:2 [


Innate Abilities, Weirdness & Mutations

You have a pair of horns on your head.
You reflexively headbutt those who attack you in melee.


Message History

No target in view!
No target in view!
No target in view!
No target in view!
No target in view!
You now have 122 gold pieces (gained 14).
You see here a +0 club.
Found a club.
A phantom comes into view.
A phantom is nearby!
The phantom hits you.
You thump the phantom! You headbutt the phantom!
The phantom is severely damaged.
The phantom hits you.
The phantom blinks!
You blink.
An ogre comes into view. It is wielding a +0 giant spiked club.
The ogre shouts!
You hit the phantom. Your headbutt misses the phantom.
The phantom is severely damaged.
The phantom hits you but does no damage.
You sock the phantom!
You destroy the phantom!
Your Maces & Flails skill increases to level 5!
Your Armour skill increases to level 5!
You have reached level 6!
The ogre hits you with a +0 giant spiked club!!
Ouch! That really hurt!
You are too injured to fight recklessly!
You are too injured to fight recklessly!
You are too injured to fight recklessly!
You are too injured to fight recklessly!
You are too injured to fight recklessly!
You are too injured to fight recklessly!
You are too injured to fight recklessly!
You are too injured to fight recklessly!
You sock the ogre!
The ogre is moderately wounded.
You hit the ogre. You headbutt the ogre!
The ogre is severely wounded.
The ogre hits you with a +0 giant spiked club!!
You die...

.... #.#..##......#
.. #..#.#...#......#
... #..#.#.#........#
....#..#.#.##....#.##
..#..#.#.......#.####
....#.#######...)).#
#.......$.###.###)#
#.O...).......# #.#
#..@..........# #.#
#.............###.#
#..............##.#
##############....#
###..# #..# ...#
##..# ##.#


You could see an ogre.

Vanquished Creatures
  A phantom (D:4)
  A scorpion (D:4)
  A howler monkey (D:4)
  An orc priest (D:4)
  2 adders (D:3)
  A worm (D:3)
  2 dart slugs
  4 orcs (D:4)
  10 ball pythons
  3 bats
  8 endoplasms
  3 giant cockroaches
  12 goblins
  4 hobgoblins
  8 jackals
  3 kobolds
  4 quokkas
  2 frilled lizards
  5 rats
75 creatures vanquished.

Notes
Turn   | Place    | Note
-------+----------+-------------------------------------------
     0 | D:1      | Sanktem7 the Minotaur Fighter began the quest for the Orb.
     0 | D:1      | Reached XP level 1. HP: 19/19 MP: 0/0
   176 | D:1      | Reached XP level 2. HP: 25/27 MP: 1/1
   545 | D:1      | Found Lexawi's Antique Weapon Emporium.
   913 | D:1      | Found a faded altar of an unknown god.
   913 | D:1      | Noticed a Hell Sentinel
   976 | D:1      | Reached XP level 3. HP: 26/33 MP: 2/2
  1793 | D:2      | Found Osumy's Armour Boutique.
  2159 | D:3      | Reached XP level 4. HP: 41/41 MP: 3/3
  2205 | D:3      | Found a shadowy altar of Dithmenos.
  2723 | D:4      | Reached XP level 5. HP: 43/47 MP: 4/4
  2792 | D:4      | Reached skill level 5 in Fighting
  2957 | D:4      | Noticed a phantom
  2961 | D:4      | Noticed an ogre
  2963 | D:4      | Killed a phantom
  2964 | D:4      | Reached skill level 5 in Maces & Flails
  2964 | D:4      | Reached skill level 5 in Armour
  2964 | D:4      | Reached XP level 6. HP: 52/57 MP: 5/5
  2966 | D:4      | Slain by an ogre

Illustrated notes

Levels and vault maps discovered:
D:1:      kilobyte_arrival_exit_the_forest, layout_loops_corners, serial_shops,
          shop_fountains, dreamdust_ecumenical_altar_sealed_demon
D:2:      layout_loops_cross, serial_shops, shop, grunt_ministairs_5,
          minmay_misc_feat_iff, uniq_terence
D:3:      layout_basic, general_overflow_altar
D:4:      layout_basic, grunt_ministairs_3

Skill      XL: |  1  2  3  4  5 |
---------------+----------------+-----
Armour         | 4 5 |  5.1
Fighting       | 4 5 |  5.8
Maces & Flails | 3 4 5 |  5.1
Shields        | 4 |  4.0

Action                     |  1- 3 |  4- 6 || total
---------------------------+-------+-------++-------
  Melee: Flail             |   103 |    71 ||   174
         Headbutt          |     9 |     9 ||    18
   Stab: Sleeping          |     1 |       ||     1
 Armour: Scale mail        |     7 |       ||     7
         Chain mail        |    11 |    43 ||    54
  Dodge: Dodged            |    42 |    25 ||    67
  Block: Buckler           |    27 |    13 ||    40

Table legend: (Time is in decaauts)
 A = Elapsed time spent in this place.
 B = Non-inter-level travel time spent in this place.
 C = Inter-level travel time spent in this place.
 D = Time resting spent in this place.
 E = Time spent auto-exploring this place.
 F = Levels seen in this place.
 G = Mean time per level.
                   A        B        C        D        E       F      G
               +--------+--------+--------+--------+--------+-----+--------+
         Total |   3017 |   2959 |     58 |      0 |   2522 |   4 |  754.2 |
       Dungeon |   3017 |   2959 |     58 |      0 |   2522 |   4 |  754.2 |
               +--------+--------+--------+--------+--------+-----+--------+

Top non-repeatable levels by time:
     D:1: 1165 daAuts
     D:2: 805 daAuts
     D:3: 778 daAuts
     D:4: 268 daAuts
